AoeStats
← carlobanchon

Arabian Desert

510412762Analyzed
1v1 RM · 2d ago on Sep 30, 2026· 54m 50s· 2 players
Game mode
Random Map
Map size
Tiny (2 player)
Population
200
Speed
Normal
Resources
Standard
Victory
Conquest
Starting age
Dark Age
Ending age
Imperial Age
RankedLock teamsTeams togetherTeam positionsShared explorationLock speedFull tech treeHidden civsTurbo modeCheats
Victory
Defeat
🇪🇨 Khitans · Ecuador
1174
+16
🇲🇽 Vietnamese · Mexico
1178
-16
carlobanchon
5:48 Loom
9:22 Feudal Age
9:50 Double-Bit Axe
9:47 Domestication
10:36 Domestication
19:13 Castle Age
17:57 Gold Mining
19:33 Scale Barding Armor
19:20 Fletching
23:01 Forging
23:19 Bodkin Arrow
24:36 Padded Archer Armor
24:07 Light Cavalry
24:34 Town Watch
26:07 Leather Archer Armor
26:25 Chain Barding Armor
26:06 Husbandry
26:46 Bow Saw
27:18 Husbandry
27:48 Pastoralism
29:49 Wheelbarrow
30:11 Leather Archer Armor
29:56 Elite Skirmisher
33:18 Thumb Ring
36:16 Ballistics
40:02 Imperial Age
38:43 Iron Casting
38:35 Stone Mining
39:18 Hand Cart
40:51 Hand Cart
40:49 Bracer
42:09 Chemistry
43:40 Stone Shaft Mining
45:24 Two-Man Saw
46:01 Ring Archer Armor
45:42 Hussar
48:53 Parthian Tactics
48:43 Heavy Cavalry Archer
50:16 Plate Barding Armor
52:37 Town Patrol
52:48 Scale Mail Armor
53:20 Conscription
HUASTECO
1:16 Loom
11:45 Feudal Age
12:47 Double-Bit Axe
17:19 Fletching
18:09 Padded Archer Armor
19:26 Town Watch
20:59 Wheelbarrow
23:22 Horse Collar
28:09 Castle Age
26:47 Gold Mining
28:19 Stone Mining
29:06 Bow Saw
28:42 Crossbowman
30:14 Ballistics
30:05 Bodkin Arrow
30:26 Leather Archer Armor
36:36 Imperial Age
34:58 Thumb Ring
38:30 Chemistry
39:29 Bracer
41:21 Ring Archer Armor
42:21 Two-Man Saw
42:08 Bloodlines
42:31 Forging
42:28 Scale Barding Armor
43:31 Husbandry
43:27 Light Cavalry
44:19 Heavy Plow
44:53 Chain Barding Armor
44:17 Cavalier
45:51 Iron Casting
49:16 Scale Mail Armor
49:06 Arbalester
53:29 Plate Barding Armor
Connection lost

Rejoining the realm…

Still unreachable

The connection could not be restored.

Session expired

The server has moved on; the page needs a fresh start.